 Dungeon Crawl Stone Soup version 0.25.0-11-g1f837a76a1 (webtiles) character file.

Game seed: 17599459809360584176

74 Flugkiller the Covered (level 4, -1/42 HPs)
             Began as a Deep Dwarf Fighter on June 27, 2020.
             Succumbed to a gnoll's poison
             ... on level 3 of the Dungeon.
             The game lasted 00:00:37 (434 turns).

Flugkiller the Covered (Deep Dwarf Fighter)          Turns: 434, Time: 00:00:37

Health: -1/42      AC:  7    Str: 21    XL:     4   Next: 10%
Magic:  3/3        EV:  7    Int:  8    God:
Gold:   26         SH:  9    Dex: 12    Spells: 3/3 levels left

rFire    . . .     SeeInvis .   a - +0 war axe
rCold    . . .     Gourm    .   c - +0 kite shield
rNeg     . . .     Faith    .   b - +0 scale mail
rPois    .         Spirit   .   (no helmet)
rElec    .         Reflect  .   (no cloak)
rCorr    .         Harm     .   (no gloves)
MR       .....                  (no boots)
Stlth    ..........             (no amulet)
HPRegen  0.00/turn              (no ring)
MPRegen  0.08/turn              (no ring)

@: mighty, lethally poisoned (-1 -> -6), non-regenerating
A: damage resistance, heal wounds, sense surroundings 1, no regeneration
a: Heal Wounds


You were on level 3 of the Dungeon.
You were not hungry.

You visited 1 branch of the dungeon, and saw 3 of its levels.

You collected 26 gold pieces.

Inventory:

Hand Weapons
 a - a +0 war axe (weapon)
Armour
 b - a +0 scale mail (worn)
 c - a +0 kite shield (worn)
Scrolls
 h - a scroll of teleportation {unknown}
 i - a scroll of identify {unknown}
 j - a scroll of blinking {unknown}
 l - a scroll of remove curse {unknown}
Potions
 d - a potion of might
 g - a potion of invisibility {unknown}
 k - a potion of mutation {unknown}
Comestibles
 e - 2 rations
 f - 9 chunks of flesh


   Skills:
 * Level 3.3 Fighting
 * Level 3.2 Axes
 + Level 3.8 Armour
 + Level 3.7 Shields


You had 3 spell levels left.
You didn't know any spells.
Your spell library was empty.

Dungeon Overview and Level Annotations

Branches:
Dungeon (3/15)

Altars:


Innate Abilities, Weirdness & Mutations

You are resistant to damage.
You can heal yourself by infusing magical energy.
You passively map a small area around you.
You do not regenerate.


Message History

The ooze is severely wounded.
The ooze hits you but does no damage. x2
You slash the ooze!
You kill the ooze!
The gnoll hits you from afar with a +0 spear.
The gnoll hits you from afar with a +2 halberd of venom!
You are more poisoned.
You block the gnoll's attack.
You fail to use your ability.
* * * LOW HITPOINT WARNING * * *
You feel very sick. The gnoll hits you with a +0 spear.
* * * LOW HITPOINT WARNING * * *
You block the gnoll's attack.
* * * LOW HITPOINT WARNING * * *
You feel sick. The gnoll completely misses you.
* * * LOW HITPOINT WARNING * * *
You feel sick.
You fail to use your ability.
You die...

#'# ##+#......#######.* *
.###.####.#.#####.........
.....g.....ggJg...#..###.#
.###.####.#.#####)#..###.#
..............#<........#
###.####.#.#####g#..###.# *
#.# #...# #g#..# #.# ,*
##.####...#####.#..# #.#
#.............@....###.# ,
#.####.#..#####........# *
#.#..#####รท#..###.#####.# *
#.#.......))............#
#.####.#..#####)#..###.#######
#.(...(...#####.#..###.#
######.#.............(.#
#....#####.#.####.# #.#.##
#.....# #.#


You could see 2 gnolls.

Vanquished Creatures
  A bullfrog zombie (D:3)
  A gnoll (D:3)
  An ooze (D:3)
  2 leopard geckos (D:1)
  4 orcs (D:3)
  4 bats
  3 goblins (D:1)
  2 hobgoblins
  A ball python (D:1)
  A frilled lizard (D:1)
  A kobold (D:1)
  5 rats (D:3)
26 creatures vanquished.

Notes
Turn   | Place    | Note
-------+----------+-------------------------------------------
     0 | D:1      | Flugkiller the Deep Dwarf Fighter began the quest for the
                  | Orb.
     0 | D:1      | Reached XP level 1. HP: 20/20 MP: 1/1
   139 | D:1      | Reached XP level 2. HP: 27/27 MP: 2/2
   254 | D:3      | Reached XP level 3. HP: 24/34 MP: 3/3
   421 | D:3      | Reached XP level 4. HP: 16/42 MP: 3/3
   433 | D:3      | HP: 1/42 [poisoned by a gnoll]
   434 | D:3      | Succumbed to a gnoll's poison

Illustrated notes

Levels and vault maps discovered:
D:1:      dpeg_arrival_tiny_a, layout_rooms
D:2:      layout_basic, minmay_goblin_outpost
D:3:      layout_basic, first_ration, uniq_robin, uniq_sigmund, uniq_terence

Skill      XL: |  1  2 |
---------------+-------+-----
Fighting       | 3 |  3.3
Axes           | 3 |  3.2
Armour         | |  3.8
Shields        | |  3.7

Action                   |  1- 3 |  4- 6 || total
-------------------------+-------+-------++-------
Melee: War axe           |    81 |     3 ||    84
 Abil: Heal Wounds       |     4 |     1 ||     5
  Use: Potion            |     1 |       ||     1
Armor: Scale mail        |    37 |     3 ||    40
Dodge: Dodged            |    36 |     2 ||    38
Block: Kite shield       |    50 |     3 ||    53
